 Dungeon Crawl Stone Soup version 0.32-a0-886-g41c5271027 (webtiles) character file.

Game seed: 15225795593435527204

10317 Fodor the Cleaver (level 11, -8/97 HPs)
             Began as a Minotaur Fighter on Apr 2, 2024.
             Was an Initiate of Gozag.
             Killed by divine providence
             ... invoked by an orc priest
              (15 damage)
             ... on level 11 of the Dungeon.
             The game lasted 00:30:28 (9800 turns).

Fodor the Cleaver (Minotaur Fighter)                Turns: 9800, Time: 00:30:29

Health: -8/97      AC: 20    Str: 26    XL:     11   Next: 34%
Magic:  10/10      EV:  7    Int:  5    God:    Gozag
Gold:   1428       SH: 10    Dex:  9    Spells: 10/10 levels left

rFire   x . .        w - +1 war axe (elec)
rCold   + . .        c - +0 buckler
rNeg    . . .        E - +0 plate armour
rPois   .            I - +0 hat
rElec   .            D - +2 cloak {Will+}
rCorr   .            u - +0 pair of gloves
SInv    .            n - +0 pair of boots
Will    +....        J - amulet of reflection Stlth
                     A - ring of ice
HPRegen 0.36/turn    (no ring)
MPRegen 0.12/turn

%: reflection
@: mighty, studying Ranged Weapons
A: horns 2, retaliatory headbutt
a: Renounce Religion, Potion Petition, Call Merchant, Bribe Branch


You were on level 11 of the Dungeon.
You worshipped Gozag.
Gozag was most pleased with you.
You visited 2 branches of the dungeon, and saw 12 of its levels.

You collected 1785 gold pieces.
You spent 266 gold pieces at shops.
You paid 91 gold pieces to Gozag.

Inventory:

Hand Weapons
 p - a +0 sling of draining
 w - a +1 war axe of electrocution (weapon)
 G - a +0 orcbow
Missiles
 e - 8 boomerangs (quivered)
Armour
 c - a +0 buckler (worn)
 n - a +0 pair of boots (worn)
 u - a +0 pair of gloves (worn)
 D - a +2 cloak of willpower (worn)
 E - a +0 plate armour (worn)
 I - a +0 hat (worn)
Jewellery
 A - a ring of ice (left hand)
 J - an amulet of reflection (around neck)
 K - an amulet of guardian spirit
 L - a +6 ring of dexterity
Wands
 g - a wand of polymorph (9)
 l - a wand of mindburst (13)
 o - a wand of flame (24)
 F - a wand of iceblast (11)
 H - a wand of paralysis (13)
Scrolls
 f - 4 scrolls of poison
 h - a scroll of fog
 k - 5 scrolls of teleportation
 m - a scroll of blinking
 q - 3 scrolls of noise
 s - a scroll of amnesia
 t - 2 scrolls of immolation
 y - 5 scrolls of torment
 C - a scroll of summoning
 M - a scroll of identify
Potions
 a - 2 potions of attraction
 d - a potion of might
 j - a potion of mutation {unknown}
 r - 2 potions of brilliance {unknown}
 v - 2 potions of invisibility {unknown}
 x - a potion of berserk rage {unknown}
 z - 3 potions of haste {unknown}
Miscellaneous
 i - a tin of tremorstones (2/2)


   Skills:
 + Level 9.4 Fighting
 + Level 13.4 Axes
 + Level 9.4 Ranged Weapons
 + Level 0.5 Throwing
 + Level 9.4 Armour
 + Level 2.3 Dodging
 + Level 1.2 Stealth
 + Level 9.1 Shields


You had 10 spell levels left.
You didn't know any spells.
Your spell library contained the following spells:

 Spells                   Type           Power      Damage    Failure   Level
 Apportation              Tloc           0%         N/A       99%         1
 Kiss of Death            Conj/Necr      0%         2d5       99%         1
 Necrotise                Necr           0%         1d4       99%         1
 Sting                    Conj/Alch      0%         1d3       99%         1
 Summon Small Mammal      Summ           0%         N/A       99%         1
 Ensorcelled Hibernation  Hex/Ice        0%         N/A       100%        2
 Confusing Touch          Hex            0%         N/A       100%        3
 Dazzling Flash           Conj/Hex       0%         N/A       100%        3
 Maxwell's Portable Pile  Tloc           0%         2d(5-13)  100%        3
 Passwall                 Erth           0%         N/A       100%        3
 Swiftness                Air            0%         N/A       100%        3
 Dispel Undead            Necr           0%         3d6       100%        4
 Arcjolt                  Conj/Air       0%         1d10      100%        5
 Starburst                Conj/Fire      0%         6d3       100%        6
 Maxwell's Capacitive Co  Air            0%         ∞         100%        8


Dungeon Overview and Level Annotations

Branches:
Dungeon (11/15)            Temple (1/1) D:5            Lair (0/5) D:9
    Orc: D:9-12

Altars:
Ashenzari
Cheibriados
Dithmenos
Elyvilon
Fedhas
Gozag
Hepliaklqana
Kikubaaqudgha
Makhleb
Nemelex Xobeh
Okawaru
Qazlal
Ru
Sif Muna
Trog
Uskayaw
Vehumet
Wu Jian
Xom
Yredelemnul
Zin
The Shining One

Shops:
D:2 [   D:6 *   D:10 *


Innate Abilities, Weirdness & Mutations

You have a pair of horns on your head.
You reflexively headbutt those who attack you in melee.


Message History

The komodo dragon is almost dead.
You closely miss the orc. The orc hits you but does no damage.
The komodo dragon bites you!!
* * * LOW HITPOINT WARNING * * *
Unknown command.
You closely miss the komodo dragon.
The komodo dragon is almost dead.
You slash the orc priest! You slice the orc!!
You kill the orc!
The orc priest casts a cantrip, but nothing happens.
The komodo dragon is distracted by your dazzling golden aura.
Unknown command.
Unknown command.
Unknown command.
Unknown command.
As you read the scroll of fear, it crumbles to dust.
You assume a fearsome visage.
The orc looks frightened!
The orc priest looks frightened!
The komodo dragon looks frightened!
The komodo dragon hisses angrily.
An orc priest comes into view. It is wielding a +0 flail.
Okay, then.
As you read the scroll of teleportation, it crumbles to dust.
You feel strangely unstable.
The komodo dragon is no longer distracted by gold.
The orc howls in fear.
The orc priest is distracted by your dazzling golden aura.
Things that are here:
6 gold pieces; a +0 short sword You see here 22 gold pieces.
Your surroundings seem slightly different.
Found a potion of curing.
You start resting.
An orc priest is nearby!
Found a stone staircase leading down.
An orc priest is nearby!
Found a stone staircase leading up.
The orc priest mumbles some strange prayers to Beogh against you.
Beogh smites you!
You die...
Your body crumbles into a pile of gold.

#......#
#......#
#......#
#......###
#.....>.<.
#......#
#......#
#.@....#####
#..........#
#..........#
#######o...#
.#........#
..........#
#..
...........#
#..
...........##
#..
............#
#..


You could see an orc priest.

Vanquished Creatures
  Erica (D:8)
  Pikel (D:4)
  Maurice (D:7)
  2 trolls
  A hornet (D:11)
  Grinder (D:6)
  Prince Ribbit (D:7)
  3 wraiths
  11 yaks
  A vampire (D:10)
  2 wyverns
  2 steam dragons
  Edmund (D:5)
  Menkaure (D:4)
  6 water moccasins
  2 acid dragons
  An orc warrior (D:9)
  Duvessa (D:4)
  4 black bears
  2 sky beasts
  An ice beast (D:7)
  3 ogres
  8 centaurs
  3 phantoms
  A lemure (D:4)
  3 kobold brigands
  A gnoll sergeant (D:9)
  5 scorpions
  9 wights
  Dowan (D:4)
  A howler monkey (D:9)
  8 orc priests
  4 hounds
  2 jellies
  A gnoll bouda (D:6)
  3 iguanas
  2 sleepcaps
  9 orc wizards
  Robin (D:3)
  8 adders
  9 gnolls
  A white imp (D:5)
  An ufetubus (D:7)
  A dart slug (D:3)
  A ribbon worm (D:3)
  35 orcs
  5 bats
  9 endoplasms
  3 giant cockroaches
  11 goblins
  9 hobgoblins
  7 jackals (D:4)
  4 quokkas
  2 ball pythons (D:1)
  5 frilled lizards
  19 kobolds
  2 rats
243 creatures vanquished.

Notes
Turn   | Place    | Note
-------+----------+-------------------------------------------
     0 | D:1      | Fodor the Minotaur Fighter began the quest for the Orb.
     0 | D:1      | Reached XP level 1. HP: 19/19 MP: 0/0
   338 | D:1      | Reached XP level 2. HP: 27/27 MP: 1/1
   758 | D:2      | Found Cuogrun's Antique Armour Shop.
  1165 | D:2      | Reached XP level 3. HP: 28/33 MP: 2/2
  1282 | D:2      | Found a shadowy altar of Dithmenos.
  1449 | D:3      | Found a basalt altar of Yredelemnul.
  1488 | D:3      | Noticed Robin
  1518 | D:3      | Killed Robin
  1519 | D:3      | Reached skill level 3 in Axes
  1519 | D:3      | Reached XP level 4. HP: 18/41 MP: 3/3
  1729 | D:3      | Found a stormy altar of Qazlal.
  1914 | D:3      | Found a broken altar of Ashenzari.
  2181 | D:4      | Noticed a phantom
  2193 | D:4      | Killed a phantom
  2194 | D:4      | Reached skill level 5 in Fighting
  2194 | D:4      | Reached skill level 4 in Axes
  2194 | D:4      | Reached skill level 1 in Dodging
  2194 | D:4      | Reached XP level 5. HP: 41/48 MP: 4/4
  2236 | D:4      | Noticed a phantom
  2241 | D:4      | Reached XP level 6. HP: 45/56 MP: 5/5
  2244 | D:4      | Reached skill level 5 in Axes
  2247 | D:4      | Reached skill level 5 in Armour
  2364 | D:4      | Noticed Menkaure
  2373 | D:4      | Killed Menkaure
  2552 | D:4      | Noticed Pikel
  2564 | D:4      | Killed Pikel
  2565 | D:4      | Reached skill level 7 in Axes
  2565 | D:4      | Reached skill level 5 in Shields
  2565 | D:4      | Reached XP level 7. HP: 20/63 MP: 6/6
  2851 | D:4      | Noticed Dowan
  2851 | D:4      | Noticed Duvessa
  2867 | D:4      | Killed Duvessa
  2868 | D:4      | Reached XP level 8. HP: 61/71 MP: 7/7
  2877 | D:4      | Killed Dowan
  2930 | D:4      | Reached skill level 8 in Axes
  3158 | D:5      | Entered Level 5 of the Dungeon
  3174 | D:5      | Found a blossoming altar of Fedhas.
  3203 | D:5      | Reached skill level 1 in Ranged Weapons
  3647 | D:5      | Reached skill level 1 in Stealth
  3817 | D:5      | Found a staircase to the Ecumenical Temple.
  3828 | Temple   | Entered the Ecumenical Temple
  3837 | Temple   | Became a worshipper of Gozag Ym Sagoz the Greedy
  3989 | D:5      | Reached skill level 9 in Axes
  4127 | D:5      | Found an iron altar of Okawaru.
  4362 | D:5      | Noticed Edmund
  4381 | D:5      | Reached XP level 9. HP: 66/79 MP: 8/8
  4388 | D:5      | Killed Edmund
  4389 | D:5      | Reached skill level 5 in Ranged Weapons
  4710 | D:6      | Found Giem's Assorted Antiques.
  4717 | D:6      | Bought a scroll of identify for 56 gold pieces
  4717 | D:6      | Bought a runed cloak for 210 gold pieces
  5217 | D:6      | Noticed Grinder
  5229 | D:6      | Killed Grinder
  5458 | D:7      | Found a shimmering altar of Xom.
  5459 | D:7      | Noticed Maurice
  5470 | D:7      | Killed Maurice
  5471 | D:7      | Reached skill level 10 in Axes
  5530 | D:7      | Noticed Prince Ribbit
  5539 | D:7      | Killed Prince Ribbit
  5950 | D:7      | Reached XP level 10. HP: 73/88 MP: 9/9
  6157 | D:7      | Found an ancient bone altar of Kikubaaqudgha.
  6484 | D:8      | Reached skill level 11 in Axes
  6665 | D:8      | Noticed Erica
  6673 | D:8      | Killed Erica
  6888 | D:8      | Reached skill level 12 in Axes
  7623 | D:9      | Found a sparkling altar of Nemelex Xobeh.
  7654 | D:9      | Found a radiant altar of Vehumet.
  7742 | D:9      | Found a hide-covered altar of Uskayaw.
  7934 | D:9      | Found a hazy altar of Hepliaklqana.
  8066 | D:9      | Found a staircase to the Lair.
  8099 | D:9      | Reached XP level 11. HP: 64/92 MP: 10/10
  8425 | D:10     | Entered Level 10 of the Dungeon
  8454 | D:10     | Reached skill level 13 in Axes
  8910 | D:10     | Found a shadowy altar of Dithmenos.
  9130 | D:10     | Found Wyne's General Store.
  9271 | D:10     | Found an ornate altar of the Wu Jian Council.
  9783 | D:11     | HP: 1/97 [komodo dragon (24)]
  9800 | D:11     | Killed from afar by an orc priest

Illustrated notes

Levels and vault maps discovered:
D:1:      elethiomel_arrival_infinity_welcomes_careful_drivers, layout_rooms
D:2:      layout_basic, basic_altar, serial_shops, nicolae_square_shop
D:3:      layout_loops_ring, yredelemnul_altar_generic, grunt_qazlal_clouds,
          nicolae_ashenzari_skybound, st_stairs_6, kennysheep_small_spiral,
          uniq_robin
D:4:      layout_cave_pools, hex_medium, minmay_crystal_room, dk_noncrumbling_3,
          minmay_misc_feat_secret_circle, minmay_manual_moon, uniq_menkaure,
          uniq_duvessa, uniq_pikel
D:5:      layout_basic, kennysheep_little_box, fedhas_bush_and_centaur_altar,
          minmay_temple_entry_nine_rooms, item_on_display_a, uniq_edmund
D:6:      layout_basic, serial_shops, shop, uniq_grinder
D:7:      layout_loops_ring, mainiacjoe_overflow_alcove_1, lemuel_tele_altar,
          st_stairs_14, uniq_prince_ribbit1, uniq_maurice
D:8:      layout_cave_pools, uniq_erica
D:9:      layout_basic, general_overflow_altar, nicolae_vehumet_altar_sigil,
          mainiacjoe_overflow_concentric_impassable,
          mainiacjoe_overflow_cross_hatched, due_lair_maze_entry_diamond
D:10:     layout_gridville, mainiacjoe_overflow_alcove_4,
          nicolae_dithmenos_the_darkroom, serial_shops,
          nicolae_shop_competitors_out_of_business
D:11:     layout_rooms, erik_orc_4, kennysheep_generic_room_3
Temple:   dpeg_three_leaves_temple

Skill      XL: |  1  2  3  4  5  6  7  8  9 10 11 |
---------------+----------------------------------+-----
Fighting       | 4 5 6 7 8 9 |  9.4
Armour         | 4 5 6 7 8 9 |  9.4
Shields        | 4 5 6 8 9 |  9.1
Axes           | 3 4 7 9 10 12 13 | 13.4
Dodging        | 1 2 |  2.3
Ranged Weapons | 4 8 9 |  9.4
Stealth        | 1 |  1.2
Throwing       | |  0.5

Action                     |  1- 3 |  4- 6 |  7- 9 | 10-12 || total
---------------------------+-------+-------+-------+-------++-------
  Melee: War axe           |    90 |    84 |   186 |   259 ||   619
         Headbutt          |    10 |     9 |    35 |    47 ||   101
   Fire: Sling             |       |       |    74 |    16 ||    90
  Throw: Boomerang         |     8 |       |       |       ||     8
  Evoke: Wand              |       |       |       |     2 ||     2
    Use: Potion            |     2 |       |       |     6 ||     8
         Scroll            |       |     5 |     5 |     7 ||    17
 Armour: Scale mail        |    28 |       |       |       ||    28
         Chain mail        |    52 |    90 |    87 |       ||   229
         Plate armour      |       |       |   129 |   229 ||   358
  Dodge: Dodged            |    48 |    40 |    93 |    52 ||   233
  Block: Buckler           |    29 |    28 |    54 |   135 ||   246
         Reflection        |       |       |       |     8 ||     8

Table legend: (Time is in decaauts)
 A = Elapsed time spent in this place.
 B = Non-inter-level travel time spent in this place.
 C = Inter-level travel time spent in this place.
 D = Time resting spent in this place.
 E = Time spent auto-exploring this place.
 F = Levels seen in this place.
 G = Mean time per level.
                   A        B        C        D        E       F      G
               +--------+--------+--------+--------+--------+-----+--------+
         Total |   9889 |   9821 |     68 |   1087 |   6035 |  12 |  824.1 |
       Dungeon |   9871 |   9803 |     68 |   1087 |   6035 |  11 |  897.4 |
        Temple |     17 |     17 |      0 |      0 |      0 |   1 |   17.0 |
               +--------+--------+--------+--------+--------+-----+--------+

Top non-repeatable levels by time:
     D:5: 1338 daAuts
    D:10: 1195 daAuts
     D:9: 1174 daAuts
     D:7: 1007 daAuts
     D:4: 1000 daAuts
     D:6: 970 daAuts
     D:3: 894 daAuts
     D:8: 779 daAuts
     D:2: 675 daAuts
     D:1: 661 daAuts
    D:11: 173 daAuts
  Temple: 17 daAuts
